 Dungeon Crawl Stone Soup version 0.32-a0-918-g0f22ef8d61 (webtiles) character file.

Game seed: 2258738425198914330

4118 Alarak the Frost Mage (level 10, 0/69 (83) HPs)
             Began as a Barachi Ice Elementalist on Apr 10, 2024.
             Slain by a wight
             ... wielding a +0 long sword
              (13 damage)
             ... on level 8 of the Dungeon.
             The game lasted 00:25:18 (8267 turns).

Alarak the Frost Mage (Barachi Ice Elementalist)    Turns: 8267, Time: 00:25:19

HP:   0/69 (83)     AC:  4    Str: 10    XL:     10   Next: 26%
MP:   2/20          EV: 13    Int: 19    God:
Gold: 403           SH:  0    Dex: 13    Spells: 13/23 levels left

rFire   . . .        s - +1 falchion of Honesty {flame, Will++}
rCold   + . .        (no shield)
rNeg    . . .        i - +0 leather armour {Will+}
rPois   .            (no helmet)
rElec   .            o - +0 cloak
rCorr   .            (no gloves)
SInv    .            (no boots)
Will    ++++.        (no amulet)
Stlth   ++           l - ring of willpower
HPRegen 0.31/turn    q - ring of protection from cold
MPRegen 0.17/turn

%: no passive effects
@: unable to hop, freezing walls, heavily drained, slow
A: amphibious, slowness 1, strong legs 1, +LOS
a: Hop


You were on level 8 of the Dungeon.
You visited 2 branches of the dungeon, and saw 9 of its levels.
You also visited: Sewer.

You collected 403 gold pieces.

Inventory:

Hand Weapons
 n - a +3 quarterstaff of chaos
 s - the +1 falchion of Honesty (weapon) {flame, Will++}
   (You found it on level 4 of the Dungeon)

   Will++:    It greatly increases your willpower.
Missiles
 A - 8 boomerangs
Armour
 e - a scarf of harm
 i - a +0 leather armour of willpower (worn)
 o - a +0 cloak (worn)
Magical Staves
 d - a staff of fire
Jewellery
 k - an amulet of faith
 l - a ring of willpower (left hand)
 q - a ring of protection from cold (right hand)
 z - a ring of resist corrosion
Wands
 g - a wand of iceblast (10)
Scrolls
 m - a scroll of blinking
Potions
 b - a potion of curing
 f - 3 potions of mutation
 h - 2 potions of lignification
 j - a potion of heal wounds
 p - a potion of haste
 u - a potion of cancellation
 w - a potion of resistance


   Skills:
 - Level 9.0 Fighting
 + Level 7.9 Dodging
 - Level 1.7 Stealth
 - Level 7.0 Spellcasting
 - Level 10.7 Ice Magic


You had 13 spell levels left.
You knew the following spells:

 Your Spells              Type           Power      Damage    Failure   Level
a - Freeze                Ice            100%       1d10      1%          1
b - Frozen Ramparts       Ice            94%        1d15      1%          3
c - Ozocubu's Armour      Ice            47%        N/A       1%          3
d - Summon Ice Beast      Ice/Summ       27%        N/A       4%          3

Your spell library contained the following spells:

 Spells                   Type           Power      Damage    Failure   Level
 Cause Fear               Hex            3%         N/A       80%         4
 Fireball                 Conj/Fire      3%         3d4       98%         5
 Iskenderun's Battlesphe  Conj           6%         2d6       98%         5
 Bombard                  Conj/Erth      3%         9d1       100%        6
 Spellforged Servitor     Conj/Summ      3%         N/A       100%        7
 Dragon's Call            Summ           3%         N/A       100%        9


Dungeon Overview and Level Annotations

Branches:
Dungeon (8/15)             Temple (1/1) D:7           Sewer (visited)
   Lair: D:8-11

Altars:
Fedhas
Gozag
Hepliaklqana
Kikubaaqudgha
Makhleb
Nemelex Xobeh
Okawaru
Qazlal
Ru
Sif Muna
Uskayaw
Xom
Zin
The Shining One

Shops:
D:2 *


Innate Abilities, Weirdness & Mutations

You are amphibious.
You cover ground slowly.
You can hop short distances.
You have an extended range of vision and can be seen from far away.


Message History

Your icy armour cracks and falls away as you move.
The frozen ramparts melt away as you move.
Boing!
Your ice beast closely misses the wight.
The wight closely misses your ice beast.
The wight hits your ice beast with a +4 spear.
Your ice beast hits the wight but does no damage.
Something hits your ice beast!
Your ice beast dies!
Your ice beast disappears in a puff of smoke!
Casting: Summon Ice Beast (dangerous; 4% risk of failure)
Confirm with . or Enter, or press ? or * to list all spells.
A chill wind blows around you.
Unknown command.
Your ice beast closely misses the wight.
Your ice beast hits the wight.
Your ice beast freezes the wight.
The wight resists.
The wight hits your ice beast with a +5 halberd!
The wight closely misses your ice beast.
Your ice beast hits the wight but does no damage.
The wight barely misses your ice beast.
The wight hits your ice beast with a +4 spear.
The wight barely misses your ice beast.
Your ice beast hits the wight but does no damage.
The wight hits your ice beast with a +4 spear.
The wight drains your ice beast.
There is a stone staircase leading down here.
Casting: Summon Ice Beast (dangerous; 4% risk of failure)
Confirm with . or Enter, or press ? or * to list all spells.
A chill wind blows around you.
Casting: Summon Ice Beast (dangerous; 4% risk of failure)
Confirm with . or Enter, or press ? or * to list all spells.
Casting: Frozen Ramparts (safe; 1% risk of failure)
Press: ? - help, Dir - look around, f - activate The walls around you are covered in ice.
The wall freezes the wight but does no damage.
The wight closely misses you.
Your ice beast barely misses the wight.
You barely miss the wight.
The wight resists.
The wall freezes the wight.
The wight hits you with a +0 long sword!
You die...

###########......
####................
#######....###.......#####
########..............####....#
..........############# #....#
######.z..###..# ####....#
##.zzY..§z..# #.......#
#).z#######>#### ###)#######
#.§.## #..@z###...######
..z)### ####Y...z.......## ..##
.............[.## #
########).......# #........#
#........# #........#
#........# #.......##


You could see 3 wights and a friendly ice beast (summoned).

Vanquished Creatures
  The ghost of scrimwish the Caller, a novice MfSu (D:6)
  Sigmund (D:3)
  A basilisk (D:6)
  A water moccasin (D:7)
  An orc warrior (D:7)
  A black bear (D:7)
  A sky beast (D:7)
  An ice beast (D:8)
  2 centaurs (D:7)
  4 ogres
  3 kobold brigands (D:6)
  Blork the orc (D:5)
  3 bullfrogs
  3 scorpions
  A wight (D:7)
  4 killer bees (D:7)
  A vampire bat (D:6)
  4 jellies
  4 orc priests
  Crazy Yiuf (D:3)
  2 gnoll boudas
  5 hounds
  5 iguanas
  3 sleepcaps
  6 orc wizards
  11 gnolls
  11 adders
  3 river rats (Sewer)
  2 shadow imps (D:6)
  A white imp (D:6)
  An ufetubus (D:6)
  3 dart slugs
  7 ribbon worms
  29 orcs
  4 bats
  4 bat skeletons (D:6)
  2 bat zombies (D:6)
  7 endoplasms
  6 giant cockroaches
  16 goblins
  2 hobgoblins (D:1)
  4 jackals
  12 kobolds
  6 quokkas
  13 ball pythons
  6 frilled lizards
  22 rats
232 creatures vanquished.

Vanquished Creatures (collateral kills)
  An ice beast (D:7)
  A wight (D:8)
2 creatures vanquished.

Grand Total: 234 creatures vanquished

Notes
Turn   | Place    | Note
-------+----------+-------------------------------------------
     0 | D:1      | Alarak the Barachi Ice Elementalist began the quest for the
                  | Orb.
     0 | D:1      | Reached XP level 1. HP: 13/13 MP: 3/3
    61 | D:1      | Reached skill level 5 in Ice Magic
   211 | D:1      | Reached XP level 2. HP: 17/19 MP: 1/5
   704 | D:1      | Reached XP level 3. HP: 16/24 MP: 3/6
   853 | D:2      | Reached skill level 6 in Ice Magic
  1263 | D:2      | Reached XP level 4. HP: 21/30 MP: 3/7
  1302 | D:2      | Learned a level 3 spell: Frozen Ramparts
  1306 | D:2      | Learned a level 3 spell: Ozocubu's Armour
  1372 | D:2      | Reached skill level 7 in Ice Magic
  1762 | D:2      | Found Byzaekotwu's Assorted Antiques.
  2199 | D:3      | Reached XP level 5. HP: 35/35 MP: 8/8
  2215 | D:3      | Noticed Sigmund
  2246 | D:3      | Killed Sigmund
  2247 | D:3      | Reached skill level 8 in Ice Magic
  2247 | D:3      | Reached XP level 6. HP: 8/41 MP: 0/9
  2614 | D:3      | Found a runed translucent door.
  2615 | D:3      | Noticed Crazy Yiuf
  3068 | D:3      | Killed Crazy Yiuf
  3567 | D:4      | Identified the +1 falchion of Honesty {flame, Will++}
  3749 | D:4      | Reached XP level 7. HP: 23/46 MP: 2/12
  4282 | D:5      | Entered Level 5 of the Dungeon
  4291 | D:5      | Reached skill level 5 in Spellcasting
  4295 | D:5      | Noticed Blork the orc
  4303 | D:5      | Killed Blork the orc
  4304 | D:5      | Reached XP level 8. HP: 16/52 MP: 4/17
  4326 | D:5      | Reached skill level 9 in Ice Magic
  4490 | D:4      | Learned a level 3 spell: Summon Ice Beast
  4530 | D:5      | Reached skill level 10 in Ice Magic
  4704 | D:5      | Found a glowing drain.
  4720 | Sewer    | Entered a sewer
  5004 | Sewer    | Reached skill level 1 in Fighting
  5402 | D:5      | Found a sacrificial altar of Ru.
  5622 | D:6      | Reached XP level 9. HP: 61/66 MP: 15/19
  5873 | D:6      | Found an ancient bone altar of Kikubaaqudgha.
  5880 | D:6      | Reached skill level 5 in Fighting
  6079 | D:6      | Found a runed translucent gate.
  6080 | D:6      | Found a runed translucent gate.
  6082 | D:6      | Found a runed translucent gate.
  6082 | D:6      | Noticed scrimwish's ghost (novice MfSu)
  6898 | D:6      | Killed scrimwish's ghost
  7063 | D:7      | Reached skill level 5 in Dodging
  7197 | D:7      | Reached XP level 10. HP: 83/83 MP: 20/20
  7241 | D:7      | Found a staircase to the Ecumenical Temple.
  7398 | Temple   | Entered the Ecumenical Temple
  8267 | D:8      | Slain by a wight

Illustrated notes

Levels and vault maps discovered:
D:1:      dpeg_arrival_arbitrary_c, layout_basic
D:2:      layout_basic, serial_shops, nicolae_shop_behind_doors
D:3:      layout_basic, uniq_sigmund, uniq_crazy_yiuf_cottage
D:4:      layout_loops_ring
D:5:      layout_rooms, mainiacjoe_overflow_catwalk,
          cheibrodos_sewer_entry_bend, minmay_ogre_servants, uniq_blork_the_orc
D:6:      layout_layer_cave, kennysheep_vampire_church, gammafunk_ghost_split
D:7:      layout_rooms, minmay_temple_entry_statues_pillars
D:8:      layout_rooms, special_room [special_room_orc]
Temple:   nicolae_temple_godzebo

Skill      XL: |  1  2  3  4  5  6  7  8  9 10 |
---------------+-------------------------------+-----
Ice Magic      | 5 6 7 8 10 | 10.7
Spellcasting   | 3 6 7 |  7.0
Fighting       | 4 9 |  9.0
Dodging        | 5 7 |  7.9
Stealth        | |  1.7

Action                     |  1- 3 |  4- 6 |  7- 9 | 10-12 || total
---------------------------+-------+-------+-------+-------++-------
  Melee: Unarmed           |     8 |       |       |       ||     8
         Short sword       |     7 |    10 |       |       ||    17
         Whip              |       |    50 |     5 |       ||    55
         Falchion          |       |       |   147 |    41 ||   188
   Cast: Freeze            |    49 |    31 |     1 |       ||    81
         Frozen Ramparts   |       |    12 |    34 |    17 ||    63
         Ozocubu's Armour  |       |     7 |    22 |     8 ||    37
         Summon Ice Beast  |       |       |     1 |     5 ||     6
Ability: Hop               |     3 |     1 |    11 |     3 ||    18
    Use: Potion            |     1 |       |     6 |       ||     7
         Scroll            |       |     1 |     6 |     9 ||    16
   Stab: Sleeping          |       |     1 |     1 |       ||     2
 Armour: Robe              |    30 |     8 |       |       ||    38
         Leather armour    |       |    62 |   187 |    58 ||   307
         Skin              |       |       |    26 |       ||    26
  Dodge: Dodged            |    31 |    69 |   170 |    45 ||   315

Table legend: (Time is in decaauts)
 A = Elapsed time spent in this place.
 B = Non-inter-level travel time spent in this place.
 C = Inter-level travel time spent in this place.
 D = Time resting spent in this place.
 E = Time spent auto-exploring this place.
 F = Levels seen in this place.
 G = Mean time per level.
                   A        B        C        D        E       F      G
               +--------+--------+--------+--------+--------+-----+--------+
         Total |   9209 |   8822 |    387 |   1071 |   6293 |  10 |  920.9 |
       Dungeon |   8839 |   8453 |    386 |   1062 |   6023 |   8 | 1104.9 |
        Temple |      1 |      0 |      1 |      0 |      0 |   1 |    1.0 |
         Sewer |    367 |    367 |      0 |      9 |    270 |   1 |  367.0 |
               +--------+--------+--------+--------+--------+-----+--------+

Top non-repeatable levels by time:
     D:6: 1751 daAuts
     D:3: 1457 daAuts
     D:4: 1347 daAuts
     D:2: 1154 daAuts
     D:7: 1086 daAuts
     D:1: 946 daAuts
     D:5: 855 daAuts
   Sewer: 367 daAuts
     D:8: 240 daAuts
  Temple: 1 daAuts
